Map: Prion Terraces

Players

CMStormPolt (Polt) - Winner!

  • Race: Terran Terran
  • League: Grandmaster

LiquidMaNa (MaNa)

  • Race: Protoss Protoss

Event: Root's WW3

VOD

Have the link to the VOD?

Description

Time

  • Played on: Dec. 11, 2015, 6:11 a.m.
  • Length: 17:20

All games in this series

Show
View Real Time Build Order
Export as new Build Order

CMStormPolt Terran - Winner!

Build Orders: Reaper Expand, MMM Bio 

Get SALT Encoding   

  12  0:01  SCV  
  13  0:13  SCV  
  14  0:17  Supply Depot  
  14  0:25  SCV  
  15  0:39  SCV, Barracks  
  16  0:43  Refinery  
  16  0:51  SCV  
  17  1:03  SCV  
  18  1:15  SCV  
  19  1:27  Orbital Command  
  19  1:28  Reaper  
  20  1:38  Command Center  
  20  1:54  Supply Depot  
  20  1:55  SCV  
  20  2:00  Barracks Reactor  
  21  2:07  SCV  
  22  2:10  Barracks  
  22  2:19  SCV  
  22  2:21  Factory  
  23  2:24  Bunker  
  23  2:32  SCV  
  24  2:37  Marine x2  
  24  2:44  SCV  
  27  2:45  Refinery  
  27  2:50  Orbital Command  
  27  2:56  SCV, Marine x2  
  30  3:04  Factory Tech Lab  
  30  3:08  SCV  
  31  3:14  Marine x2  
  31  3:15  Marine  
  31  3:16  SCV  
  35  3:20  SCV  
  35  3:23  Cyclone  
  39  3:28  SCV  
  39  3:29  Supply Depot  
  39  3:32  SCV, Marine  
  39  3:33  Marine  
  43  3:37  Engineering Bay  
  43  3:40  SCV  
  44  3:44  SCV, Supply Depot  
  45  3:51  Starport  
  45  3:59  SCV x2, Marauder  
  49  4:04  Stimpack, Refinery  
  49  4:10  Marine x2  
  49  4:11  SCV x2  
  49  4:12  Widow Mine  
  55  4:23  SCV x2  
  56  4:26  Missile Turret  
  56  4:29  Medivac  
  56  4:30  Barracks  
  58  4:35  SCV x2  
  58  4:37  Supply Depot  
  62  4:38  Marauder  
  62  4:45  Terran Infantry Weapons Level 1  
  62  4:46  Supply Depot  
  62  4:48  Refinery  
  62  4:52  Missile Turret  
  62  4:55  Missile Turret  
  62  5:06  Barracks  
  62  5:08  Factory Reactor, Starport Reactor  
  62  5:09  Barracks  
  62  5:11  SCV x2  
  61  5:23  SCV x2  
  64  5:28  Barracks Reactor, Marauder  
  64  5:29  Marine x2  
  64  5:35  SCV x2, Supply Depot  
  68  5:39  Supply Depot  
  68  5:47  SCV x2  
  70  5:50  Marauder, Marine x2  
  70  5:53  Medivac x2  
  78  6:00  Supply Depot x2  
  78  6:06  Barracks Tech Lab  
  78  6:10  Combat Shields  
  78  6:11  Ghost Academy  
  78  6:12  Marauder  
  78  6:13  Marine x4  
  78  6:14  Marine  
  78  6:15  Marine  
  86  6:25  Widow Mine, Medivac x2  
  89  6:38  Supply Depot  
  89  6:39  Supply Depot  
  89  6:40  Marauder x2, Marine x4  
  89  6:41  Marine  
  89  6:43  Marine  
  99  6:49  Concussive Shells  
  99  6:55  Terran Infantry Armor Level 1  
  99  7:01  Ghost x2  
  99  7:06  Marine x6  
  108  7:17  Medivac x2  
  112  7:29  Supply Depot, Ghost  
  112  7:30  Ghost  
  112  7:31  Supply Depot  
  112  7:34  Marine x5  
  112  7:35  Marine  
  122  7:48  Supply Depot x2  
  122  7:57  Marine x3  
  122  7:58  Marine x3  
  128  7:59  Marauder x2  
  132  8:11  Supply Depot  
  132  8:12  Supply Depot  
  110  8:25  Marine x3, Marauder x2  
  110  8:26  Marine x3  
  110  8:31  Medivac x2  
  114  8:34  Widow Mine  
  112  8:48  Marine x6  
  106  8:50  Ghost  
  106  8:51  Ghost  
  87  9:18  Ghost  
  87  9:19  Marine x6  
  87  9:20  Ghost, Widow Mine  
  87  9:21  Medivac x2  
  103  9:36  Marine x2  
  103  9:37  Marine x4  
  107  9:49  Ghost x2  
  107  9:52  Widow Mine  
  113  9:53  Medivac x2  
  117  10:09  Liberator x2  
  117  10:13  Marine x6  
  123  10:18  Ghost x2  
  133  10:31  Marine x6  
  137  10:55  Marauder x2, Marine x6  
  137  10:56  Liberator x2  
  148  11:28  Marauder x2, Marine x6  
  125  11:44  Liberator  
  125  11:45  Liberator  
  125  11:46  Marine x6  
  122  11:49  Marauder x2  
  122  12:04  Orbital Command  
  103  12:40  Marine x3  
  103  12:41  Marauder x2  
  107  12:46  Marine  
  107  12:50  Marine  
  97  13:06  Orbital Command  
  97  13:09  Marauder x2, Marine x4  
  97  13:12  Marine x2  
  89  13:32  Medivac x2  
  83  13:36  Marauder x2, Marine x6  
  93  13:44  Widow Mine  
  95  13:53  Marine x3  
  95  13:54  Marine x3  
  101  13:57  Marauder x2  
  95  14:06  Refinery x2  
  95  14:07  Refinery x2  
  95  14:10  Medivac x2  
  95  14:16  Barracks x2  
  97  14:17  Barracks, Widow Mine  
  97  14:21  Marauder x2, Marine x6  
  105  14:39  Marine x6  
  105  14:42  Marauder  
  105  14:43  Marauder  
  115  14:45  Medivac x2  
  117  14:54  Command Center, Widow Mine  
  96  15:10  Marauder  
  96  15:11  Marine x7, Marauder  
  52  15:31  Marine x3  
  52  15:32  Marauder x2  
  41  15:53  Orbital Command  
  40  16:01  Marine x3  
  42  16:13  Marauder  
  35  16:40  Orbital Command  
Show
View Real Time Build Order
Export as new Build Order

LiquidMaNa Protoss 

Build Orders: 1 Gate Expand, Oracle Opening 

Get SALT Encoding   

  12  0:01  Probe (Chrono Boost)  
  13  0:11  Probe (Chrono Boost)  
  14  0:16  Pylon  
  14  0:22  Probe (Chrono Boost)  
  15  0:35  Gateway  
  15  0:36  Probe (Chrono Boost)  
  16  0:47  Probe (Chrono Boost)  
  17  1:06  Nexus  
  17  1:13  Assimilator  
  17  1:15  Probe (Chrono Boost)  
  18  1:24  Cybernetics Core  
  18  1:28  Probe (Chrono Boost)  
  19  1:34  Assimilator  
  19  1:39  Probe (Chrono Boost)  
  20  1:45  Pylon  
  20  1:49  Probe (Chrono Boost)  
  21  2:00  Probe (Chrono Boost)  
  22  2:02  Stalker (Chrono Boost)  
  24  2:11  Probe, Warp Gate  
  25  2:18  Probe (Chrono Boost)  
  26  2:28  Mothership Core (Chrono Boost)  
  29  2:30  Probe (Chrono Boost)  
  29  2:40  Probe (Chrono Boost)  
  29  2:41  Stalker  
  32  2:46  Probe (Chrono Boost)  
  32  2:51  Probe (Chrono Boost)  
  34  2:57  Probe (Chrono Boost)  
  35  3:01  Probe (Chrono Boost)  
  35  3:05  Stargate  
  36  3:08  Probe (Chrono Boost)  
  36  3:12  Probe (Chrono Boost)  
  38  3:16  Assimilator  
  38  3:18  Probe (Chrono Boost)  
  39  3:22  Probe (Chrono Boost)  
  39  3:23  Pylon  
  40  3:29  Probe (Chrono Boost)  
  40  3:32  Pylon  
  40  3:33  Probe (Chrono Boost)  
  42  3:39  Probe (Chrono Boost)  
  43  3:43  Probe (Chrono Boost)  
  43  3:44  Twilight Council  
  44  3:48  Oracle (Chrono Boost)  
  44  3:50  Probe (Chrono Boost)  
  44  3:53  Probe  
  49  3:58  Assimilator  
  49  4:02  Probe  
  50  4:03  Probe  
  50  4:06  Gateway  
  50  4:07  Gateway  
  51  4:14  Probe x2  
  53  4:17  Stalker  
  53  4:22  Blink (Chrono Boost)  
  55  4:30  Probe, Pylon  
  55  4:32  Probe  
  55  4:37  Robotics Facility  
  57  4:40  Sentry  
  57  4:41  Probe  
  57  4:44  Probe  
  61  4:46  Pylon  
  61  4:55  Probe  
  61  4:57  Probe  
  63  5:02  Sentry  
  63  5:03  Sentry  
  63  5:05  Stalker  
  69  5:09  Probe x2  
  69  5:12  Pylon  
  71  5:19  Probe  
  72  5:27  Observer  
  73  5:30  Forge x2  
  73  5:32  Gateway  
  73  5:35  Gateway, Probe  
  73  5:36  Gateway  
  73  5:37  Probe  
  75  5:48  Immortal  
  79  5:50  Stalker x2  
  79  5:53  Stalker  
  85  6:04  Protoss Ground Weapons Level 1 (Chrono Boost), Protoss Ground Armor Level 1 (Chrono Boost)  
  85  6:05  Pylon  
  85  6:12  Resonating Glaives (Chrono Boost)  
  85  6:13  Nexus  
  85  6:33  Immortal (Chrono Boost)  
  85  6:37  Pylon  
  85  6:39  Pylon  
  89  6:41  Pylon  
  89  6:45  Adept x2  
  93  6:52  Adept x2  
  94  6:58  Adept x2  
  98  7:01  Probe x2  
  98  7:04  Pylon  
  100  7:09  Adept x2  
  104  7:18  Immortal (Chrono Boost)  
  104  7:21  Robotics Bay  
  108  7:31  Photon Cannon  
  108  7:36  Probe x2  
  110  7:37  Pylon  
  110  7:38  Pylon  
  114  7:52  Immortal (Chrono Boost)  
  114  7:57  Adept x2  
  114  7:58  Stalker x2, Adept  
  124  8:01  Stalker  
  126  8:06  Pylon  
  126  8:08  Pylon  
  126  8:10  Pylon  
  126  8:17  Probe  
  121  8:25  Disruptor (Chrono Boost)  
  122  8:29  Stalker x2, Adept x3  
  122  8:30  Stalker  
  130  8:47  Nexus  
  120  8:53  Stalker  
  120  8:54  Stalker x3  
  118  9:00  Warp Prism (Chrono Boost)  
  120  9:08  Adept x2  
  124  9:29  Adept  
  124  9:30  Adept x5  
  136  9:46  Protoss Ground Armor Level 2 (Chrono Boost), Protoss Ground Weapons Level 2 (Chrono Boost)  
  136  9:59  Disruptor (Chrono Boost)  
  139  10:24  Adept x2, Zealot x2  
  139  10:25  Zealot x2  
  151  10:29  Gateway  
  151  10:31  Gateway  
  151  10:32  Disruptor (Chrono Boost)  
  151  10:34  Pylon  
  151  10:35  Pylon, Oracle  
  157  10:54  Stalker  
  157  10:55  Stalker x4  
  157  10:56  Stalker  
  169  11:03  Gateway  
  169  11:06  Gateway  
  169  11:08  Pylon  
  169  11:11  Pylon  
  165  11:30  Adept x4  
  165  11:31  Adept x2  
  106  11:47  Probe  
  106  11:51  Stalker, Adept x4  
  106  11:52  Adept  
  106  11:54  Immortal  
  115  12:02  Sentry  
  115  12:03  Sentry x2  
  115  12:06  Stalker  
  115  12:08  Pylon  
  123  12:11  Pylon  
  123  12:13  Adept x3, Pylon  
  123  12:14  Zealot  
  123  12:15  Zealot x2  
  133  12:36  Stalker x3  
  109  12:37  Adept x2, Zealot x4  
  109  12:40  Zealot  
  79  12:58  Stalker, Adept  
  81  12:59  Adept x4  
  81  13:00  Immortal  
  81  13:02  Stalker x2  
  99  13:07  Stalker  
  99  13:10  Stalker  
  85  13:31  Stalker x2  
  85  13:32  Stalker  
  89  13:39  Immortal  
  93  13:42  Sentry x3  
  93  13:48  Assimilator  
  99  13:49  Adept x2, Assimilator  
  103  14:01  Adept x4  
  103  14:07  Adept  
  103  14:08  Adept  
  107  14:17  Adept x2  
  107  14:18  Observer  
  108  14:42  Disruptor  
  108  14:45  Adept x5  
  119  14:49  Sentry x2  
  109  15:15  Adept  
  109  15:16  Adept x3  
  109  15:18  Adept  
  96  15:28  Stalker  
  72  16:02  Adept x2  
Tags
 
Add a new tag
Caveats
  • Supply blocks, unpowered buildings, or Contaminate may cause inaccurate times.
  • Supply counts are checked every 10 seconds.